 Dungeon Crawl Stone Soup version 0.25-a0-697-g890751e744 (webtiles) character file.

Game seed: 5954024439230267063, levelgen mode: deterministic

158 Alarkh the Slasher (level 5, 41/41 HPs)
             Began as a Demonspawn Fighter on Mar 31, 2020.
             Got out of the dungeon alive.
             The game lasted 00:01:48 (1754 turns).

Alarkh the Slasher (Demonspawn Fighter)             Turns: 1754, Time: 00:01:48

Health: 41/41      AC:  7    Str: 16    XL:     5   Next: 16%
Magic:  5/5        EV:  6    Int: 11    God:
Gold:   155        SH:  8    Dex: 14    Spells: 4/4 levels left

rFire    . . .     SeeInvis .   a - +0 long sword
rCold    . . .     Gourm    .   c - +0 kite shield
rNeg     . . .     Faith    .   b - +0 scale mail
rPois    .         Spirit   +   (no helmet)
rElec    .         Reflect  .   (no cloak)
rCorr    .         Harm     .   (no gloves)
MR       .....                  m - +0 pair of boots (curse)
Stlth    ..........             j - amulet of guardian spirit
HPRegen  0.13/turn              g - +2 ring of dexterity
MPRegen  0.09/turn              (no ring)

@: no status effects
A: hooves 1, powered by pain 1
a: no special abilities


You escaped.
You were not hungry.

You visited 1 branch of the dungeon, and saw 3 of its levels.

You collected 155 gold pieces.

Inventory:

Hand Weapons
 a - a +0 long sword (weapon)
Armour
 b - a +0 scale mail (worn)
 c - a +0 kite shield (worn)
 m - a cursed +0 pair of boots (worn)
Jewellery
 g - a +2 ring of dexterity (left hand)
 j - an amulet of guardian spirit (around neck)
 s - a cursed ring of positive energy
Wands
 d - a wand of polymorph (7)
Scrolls
 e - a scroll of magic mapping {unknown}
 h - 2 scrolls of enchant weapon {unknown}
 i - a scroll of amnesia {unknown}
 l - a scroll of random uselessness {unknown}
 q - 3 scrolls of identify {unknown}
 r - a scroll of fog {unknown}
 t - 2 scrolls of remove curse {unknown}
 u - a scroll of blinking {unknown}
Potions
 k - a potion of flight {unknown}
 o - 2 potions of berserk rage {unknown}
 p - 3 potions of curing {unknown}
Comestibles
 f - 5 rations
 n - 3 chunks of flesh


   Skills:
 - Level 3.0 Fighting
 + Level 4.9 Long Blades
 - Level 2.6 Armour
 - Level 2.6 Shields


You had 4 spell levels left.
You didn't know any spells.
Your spell library was empty.

Dungeon Overview and Level Annotations

Branches:
Dungeon (3/15)

Altars:
Elyvilon
Kikubaaqudgha
The Shining One


Innate Abilities, Weirdness & Mutations

You have large cloven feet.
You sometimes gain a little power by taking damage.


Message History

a +0 robe; a +0 hand axe; a +0 chain mail; an orc corpse
n - 4 chunks of flesh
Items here: ) [[ ÷ a +0 robe; a +0 hand axe; a +0 chain mail; an orc skeleton
Items here: ) [[ ÷ a +0 robe; a +0 hand axe; a +0 chain mail; an orc skeleton Eating one of 4 chunks of flesh.
You eat one of the 4 chunks of flesh.
This raw flesh tastes terrible.
You feel a little less mighty now.
Found a stone staircase leading down.
There is a stone staircase leading up here.
You climb upwards.
There is a stone staircase leading down here.
There is a stone staircase leading up here.
You climb upwards.
There is a stone staircase leading down here.
There is an escape hatch in the floor here.
There is a staircase leading out of the dungeon here.
Are you sure you want to leave the Dungeon?
This will make you lose the game!
You have escaped!

..........####.##########...##...
#####...#.# #.# #...#####
..........# #.# #...#
####......####.# #...#
#.........#.##### #####
####..##.....#.....#
#....###.....###.#.# #.####
#)....# #>#.############## #.####
##'#### #@#............... #....#
#.# #.#.############## ####.# #.#
#.#.# #.# #.# #)..# #.# #.# #####
#.# #.# #.####.# #...##.#
###.##.#


There were no monsters in sight!

Vanquished Creatures
  An orc priest (D:3)
  Jessica (D:3)
  4 adders
  3 worms (D:2)
  3 dart slugs
  3 orcs (D:3)
  A ball python (D:1)
  6 bats (D:2)
  A giant cockroach (D:2)
  5 goblins
  10 hobgoblins
  2 jackals (D:1)
  2 kobolds (D:2)
  A quokka (D:2)
  A frilled lizard (D:1)
  6 rats
50 creatures vanquished.

Notes
Turn   | Place    | Note
-------+----------+-------------------------------------------
     0 | D:1      | Alarkh the Demonspawn Fighter began the quest for the Orb.
     0 | D:1      | Reached XP level 1. HP: 18/18 MP: 1/1
    57 | D:1      | Reached skill level 2 in Long Blades
   135 | D:1      | Gained mutation: You sometimes gain a little power by
                  | taking damage. [demonic ancestry]
   135 | D:1      | Reached XP level 2. HP: 20/24 MP: 2/2
   579 | D:2      | Reached skill level 3 in Long Blades
   696 | D:2      | Reached XP level 3. HP: 28/29 MP: 3/3
   824 | D:2      | Found a glowing golden altar of the Shining One,
  1050 | D:2      | Found an ancient bone altar of Kikubaaqudgha,
  1064 | D:2      | Reached XP level 4. HP: 35/35 MP: 4/4
  1078 | D:2      | Reached skill level 4 in Long Blades
  1496 | D:3      | Found a white marble altar of Elyvilon,
  1631 | D:3      | Noticed Jessica
  1645 | D:3      | Killed Jessica
  1645 | D:3      | Gained mutation: You have large cloven feet. [demonic
                  | ancestry]
  1645 | D:3      | Reached XP level 5. HP: 34/41 MP: 5/5
  1754 | D:$      | Got out of the dungeon alive.

Levels and vault maps discovered:
D:1:      dpeg_arrival_tiny_i, layout_basic
D:2:      layout_basic, marbit_many_paths, overflow_temple_1_default,
          minmay_heptomino_w4
D:3:      layout_basic, lemuel_round_altar, gammafunk_ghost_icy, uniq_jessica

Skill      XL: |  1  2  3  4 |
---------------+-------------+-----
Long Blades    | 2 3 4 |  4.9
Fighting       | |  3.0
Armour         | |  2.6
Shields        | |  2.6

Action                   |  1- 3 |  4- 6 || total
-------------------------+-------+-------++-------
Melee: Long sword        |   106 |    53 ||   159
  Use: Potion            |       |     1 ||     1
  Eat: Chunk             |     1 |     2 ||     3
Armor: Scale mail        |    26 |    20 ||    46
Dodge: Dodged            |    25 |    16 ||    41
Block: Kite shield       |    44 |    26 ||    70
       Rpst.: Long sword |     5 |     5 ||    10

Table legend:
 A = Non-vault XP
 B = Vault XP
 C = Vault XP percentage of total XP
 D = Non-vault monster count
 E = Vault monster count
 F = Vault count percentage of total count
                 A         B        C        D         E       F
            +---------+---------+-------+---------+---------+-------
      Total |     177 |      49 |  21.7 |      43 |       7 |  14.0
            +---------+---------+-------+---------+---------+-------
        D:1 |      27 |       0 |   0.0 |      14 |       0 |   0.0
        D:2 |      74 |      12 |  14.0 |      23 |       6 |  20.7
        D:3 |      76 |      37 |  32.7 |       6 |       1 |  14.3
            +---------+---------+-------+---------+---------+-------
